 Dungeon Crawl Stone Soup version 0.31-a0-152-g6aa68a64a1 (webtiles) character file.

Game seed: 17114906190392028763

79 qw the Shooter (level 4, 0/38 HPs)
             Began as a Minotaur Hunter on June 9, 2023.
             Slain by a gnoll
             ... wielding a +0 halberd
              (10 damage)
             ... on level 2 of the Dungeon.
             The game lasted 00:00:24 (935 turns).

qw the Shooter (Minotaur Hunter)                     Turns: 935, Time: 00:00:25

Health: 0/38       AC:  4    Str: 16    XL:     4   Next: 17%
Magic:  3/3        EV: 12    Int:  6    God:
Gold:   44         SH:  0    Dex: 15    Spells: 3/3 levels left

rFire   . . .        Y - +2 shortbow
rCold   + . .        (shield currently unavailable)
rNeg    . . .        c - +0 leather armour
rPois   .            (helmet restricted)
rElec   .            (no cloak)
rCorr   .            f - +0 pair of gloves
SInv    .            (no boots)
Will    .....        (no amulet)
Stlth   +            g - ring of protection from cold
HPRegen 0.26/turn    (no ring)
MPRegen 0.08/turn

%: no passive effects
@: no status effects
A: horns 2, retaliatory headbutt
a: no special abilities


You were on level 2 of the Dungeon.
You visited 1 branch of the dungeon, and saw 2 of its levels.

You collected 44 gold pieces.


Innate Abilities, Weirdness & Mutations

You have a pair of horns on your head.
You reflexively headbutt those who attack you in melee.


   Skills:
 - Level 3.0 Fighting
 - Level 6.1 Ranged Weapons
 + Level 0.0 Armour
 - Level 2.1 Dodging
 - Level 0.7 Stealth


You had 3 spell levels left.
You didn't know any spells.
Your spell library was empty.

Inventory:

Hand Weapons
 Y - a +2 shortbow (weapon)
Armour
 c - a +0 leather armour (worn)
 f - a +0 pair of gloves (worn)
Jewellery
 g - a ring of protection from cold (left hand)
Scrolls
 a - a scroll of amnesia {unknown}
 b - 2 scrolls of blinking {unknown}
Potions
 d - a potion of ambrosia {unknown}
 e - a potion of might
 h - a potion of curing
 i - 2 potions of heal wounds {unknown}

Dungeon Overview and Level Annotations

Branches:
Dungeon (2/15)

Altars:

Shops:
D:2 (


Message History

You shoot an arrow. The arrow hits the gnoll.
The gnoll is almost dead.
The gnoll completely misses you.
You shoot an arrow. The arrow hits the gnoll.
You kill the gnoll!
An endoplasm comes into view.
You shoot an arrow. The endoplasm quivers.
The arrow hits the gnoll!
The gnoll is almost dead.
The gnoll hits you from afar with a +0 spear.
You shoot an arrow. The arrow barely misses the gnoll.
The arrow hits the goblin!
You kill the goblin!
The gnoll barely misses you.
The gnoll hits you from afar with a +0 halberd.
The gnoll hits you but does no damage.
You shoot an arrow. The arrow hits the gnoll!
You kill the gnoll!
The gnoll hits you from afar with a +0 halberd!
You have reached level 4!
You feel stronger.
You shoot an arrow. The arrow barely misses the gnoll.
The gnoll closely misses you.
You shoot an arrow. The arrow hits the gnoll.
The gnoll is heavily wounded.
The gnoll hits you from afar with a +0 halberd.
The gnoll closely misses you.
You shoot an arrow. The arrow hits the gnoll.
The gnoll is severely wounded.
The gnoll barely misses you. The gnoll hits you with a +0 whip.
You shoot an arrow. The arrow hits the gnoll.
You kill the gnoll!
The endoplasm freezes you.
You are frozen.
You resist. The gnoll barely misses you.
Your Ranged Weapons skill increases to level 6!
You shoot an arrow. The arrow hits the endoplasm.
The endoplasm is heavily wounded.
The endoplasm barely misses you.
The gnoll hits you from afar with a +0 halberd!
You die...

# #..! .# #. ....#####.# #.
.<...8%8.?## #. ...........
#. #..8)8.8.8# #. ##.
#....)_$..# #.# #..
#.8.8)J.8# #.# #.. #g.@%#
#.# #.# #8.8.# #.#####.# ##
####.# #.##..... .# #.#
#%#...#.# .# #.# #........
# .# #.# #.#...#.# #. .#
#.#######.##.##)#
#.##.######.........##.##..
#............#########.####


You could see a gnoll and an endoplasm.

Vanquished Creatures
  4 gnolls
  An adder (D:2)
  2 bats
  2 endoplasms (D:2)
  A giant cockroach (D:1)
  2 hobgoblins
  A quokka (D:1)
  3 ball pythons
  A frilled lizard (D:2)
  3 goblins
  8 kobolds
  6 rats
34 creatures vanquished.

Notes
Turn   | Place    | Note
-------+----------+-------------------------------------------
     0 | D:1      | qw the Minotaur Hunter began the quest for the Orb.
     0 | D:1      | Reached XP level 1. HP: 18/18 MP: 0/0
     0 | D:1      | 0 ||| qw: Version: 0.2-a-122-gbc61b45
     0 | D:1      | 0 ||| qw: Game counter: 3337
     0 | D:1      | 0 ||| qw: Always use a shield: true
     0 | D:1      | 0 ||| qw: God list: Okawaru
     0 | D:1      | 0 ||| qw: Allow faded altars: false
     0 | D:1      | 0 ||| qw: Do Orc after D:15 true
     0 | D:1      | 0 ||| qw: Do second Lair branch before Depths: true
     0 | D:1      | 0 ||| qw: Lair rune preference: random
     0 | D:1      | 0 ||| qw: Plans: Normal
     0 | D:1      | 0 ||| PLANNING D:1-11
   195 | D:1      | Reached skill level 5 in Ranged Weapons
   195 | D:1      | Reached XP level 2. HP: 25/25 MP: 1/1
   334 | D:1      | Reached skill level 3 in Fighting
   543 | D:1      | 543 ||| UPGRADING to +0 pair of gloves.
   548 | D:1      | 548 ||| UPGRADING to ring of protection from cold.
   549 | D:1      | 549 ||| READING scroll labelled WOVOSO WEIRO.
   550 | D:1      | 550 ||| READING scroll labelled ISTREA QUADGH.
   555 | D:1      | 555 ||| READING scroll labelled FUEDAT TOHOPRE.
   556 | D:1      | 556 ||| READING scroll labelled BITWAZ RYUVA.
   557 | D:1      | 557 ||| DRINKING 2 pink potions.
   558 | D:1      | 558 ||| DRINKING 2 cyan potions.
   559 | D:1      | 559 ||| DROPPING scroll of butterflies.
   603 | D:2      | 603 ||| READING scroll of enchant weapon.
   603 | D:2      | 603 ||| ENCHANTING +1 shortbow.
   671 | D:2      | Reached XP level 3. HP: 31/31 MP: 2/2
   734 | D:2      | Found Tozoig's Antique Weapon Emporium.
   744 | D:2      | 744 ||| SHOPLISTING glowing shortbow (162 gold, have 44).
   754 | D:2      | Identified the +5 whip "Baoran" {freeze, rF+}
   912 | D:2      | Found a faded altar of an unknown god.
   931 | D:2      | Reached XP level 4. HP: 19/38 MP: 3/3
   935 | D:2      | Reached skill level 6 in Ranged Weapons
   935 | D:2      | Slain by a gnoll

Levels and vault maps discovered:
D:1:      heliophobic_arrival_battle_scene, layout_basic
D:2:      layout_loops_ring, ebering_ecumenical_altar_ruins, serial_shops, shop

Skill      XL: |  1  2  3  4 |
---------------+-------------+-----
Ranged Weapons | 5 6 |  6.1
Fighting       | 3 |  3.0
Dodging        | |  2.1
Stealth        | |  0.7

Action                     |  1- 3 |  4- 6 || total
---------------------------+-------+-------++-------
   Fire: Shortbow          |    81 |     5 ||    86
    Use: Scroll            |     5 |       ||     5
         Potion            |     2 |       ||     2
 Armour: Leather armour    |     7 |       ||     7
  Dodge: Dodged            |    19 |     5 ||    24

Table legend:
 A = Non-vault XP
 B = Vault XP
 C = Vault XP percentage of total XP
 D = Non-vault monster count
 E = Vault monster count
 F = Vault count percentage of total count
                 A         B        C        D         E       F
            +---------+---------+-------+---------+---------+-------
      Total |     114 |       0 |   0.0 |      34 |       0 |   0.0
            +---------+---------+-------+---------+---------+-------
        D:1 |      37 |       0 |   0.0 |      16 |       0 |   0.0
        D:2 |      77 |       0 |   0.0 |      18 |       0 |   0.0
            +---------+---------+-------+---------+---------+-------
